 Dungeon Crawl Stone Soup version 0.29-a0-23-ga79f92ac9c (webtiles) character file.

Game seed: 8112934736970851469

2275 Ajdolov the Grappler (level 9, -1/74 (80) HPs)
             Began as a Troll Monk on Jan 30, 2022.
             Slain by a wight (7 damage)
             ... on level 8 of the Dungeon.
             The game lasted 00:08:11 (5081 turns).

Ajdolov the Grappler (Troll Monk)                   Turns: 5081, Time: 00:08:12

HP:   -1/74 (80)    AC:  5    Str: 25    XL:     9   Next: 16%
MP:   8/8           EV: 10    Int:  6    God:
Gold: 222           SH:  0    Dex: 12    Spells: 8/8 levels left

rFire   . . .      SeeInvis .     - Unarmed
rCold   . . .      Faith    .   (no shield)
rNeg    + . .      Spirit   .   a - +0 robe
rPois   .          Reflect  .   (helmet restricted)
rElec   .          Harm     .   D - +0 cloak
rCorr   +          Rampage  .   (gloves unavailable)
Will    .....                   (boots unavailable)
Stlth   ++........              (no amulet)
HPRegen 1.02/turn               c - ring of positive energy
MPRegen 0.11/turn               y - ring of resist corrosion

@: drained
A: large, unfitting armour, claws 3, regeneration 1, shaggy fur 1, tough skin 1
a: no special abilities


You were on level 8 of the Dungeon.
You visited 2 branches of the dungeon, and saw 9 of its levels.

You collected 222 gold pieces.

Inventory:

Missiles
 i - 188 stones
 m - 10 poisoned darts (quivered)
Armour
 a - a +0 robe (worn)
 D - a +0 cloak (worn)
Jewellery
 c - a ring of positive energy (left claw)
 e - a ring of fire
 f - an amulet of faith
 y - a ring of resist corrosion (right claw)
Wands
 o - a wand of iceblast (2)
 w - a wand of polymorph (6)
Scrolls
 b - 7 scrolls of identify {unknown}
 d - 2 scrolls of fog {unknown}
 g - 2 scrolls of vulnerability {unknown}
 h - a scroll of holy word {unknown}
 k - a scroll of brand weapon {unknown}
 l - 2 scrolls of magic mapping {unknown}
 n - 2 scrolls of enchant weapon {unknown}
 p - 2 scrolls of immolation {unknown}
 q - 2 scrolls of fear {unknown}
 r - a scroll of teleportation {unknown}
 u - a scroll of blinking {unknown}
 z - 3 scrolls of torment {unknown}
 A - a scroll of enchant armour {unknown}
 E - a scroll of noise {unknown}
Potions
 j - 2 potions of degeneration {unknown}
 t - a potion of attraction {unknown}
 v - a potion of ambrosia {unknown}
 x - 2 potions of haste {unknown}
 B - a potion of lignification {unknown}
 C - a potion of cancellation {unknown}


   Skills:
 - Level 2.4 Fighting
 + Level 5.9 Throwing
 - Level 2.4 Dodging
 - Level 1.0 Stealth
 * Level 10.7 Unarmed Combat


You had 8 spell levels left.
You didn't know any spells.
Your spell library contained the following spells:

 Spells                   Type           Power      Damage    Failure   Level
 Freeze                   Ice            0%         1d3       45%         1
 Sandblast                Erth           0%         2d4       45%         1
 Blink                    Tloc           0%         N/A       58%         2
 Ensorcelled Hibernation  Hex/Ice        0%         N/A       58%         2
 Passwall                 Tmut/Erth      0%         N/A       58%         2
 Frozen Ramparts          Ice            0%         1d2       83%         3
 Stone Arrow              Conj/Erth      0%         3d7       83%         3
 Swiftness                Air            0%         N/A       83%         3
 Hailstorm                Conj/Ice       0%         3d3       99%         4
 Manifold Assault         Tloc           0%         N/A       100%        5
 Storm Form               Tmut/Air       0%         N/A       100%        7


Dungeon Overview and Level Annotations

Branches:
Dungeon (8/15)             Temple (1/1) D:4
   Lair: D:8-11

Altars:
Ashenzari
Cheibriados
Dithmenos
Elyvilon
Fedhas
Gozag
Hepliaklqana
Kikubaaqudgha
Makhleb
Nemelex Xobeh
Sif Muna
Trog
Uskayaw
Xom
Yredelemnul
Zin
The Shining One

Annotations:
D:3 3 runed translucent doors, Ajdolov's ghost, amateur OpEE


Innate Abilities, Weirdness & Mutations

You are too large for most types of armour.
You have claws for hands.
Your natural rate of healing is unusually fast.
You are covered in fur. (AC +1)
You have tough skin. (AC +1)


Message History

A wight comes into view. It is wielding a +4 great sword.
The orc wizard mumbles some strange words.
The orc wizard flickers and vanishes!
Deactivating autopickup; reactivate with Ctrl-A.
A wight comes into view. It is wielding a +2 dire flail.
The orc priest shouts!
The orc priest looks satisfied for a moment.
You are confused.
You bump into the rock wall.
You bump into the rock wall.
The wight hits you with a +0 hand axe.
The wight hits you with a +4 long sword!
You partially resist.
You feel drained. Something hits you but does no damage.
You bump into the rock wall.
The wight hits you with a +0 hand axe. You partially resist.
You feel drained.
The wight hits you with a +4 long sword!
Something hits you but does no damage.
You bump into the rock wall.
The wight barely misses you. Something hits you.
You bump into the rock wall.
You feel less confused. The wight barely misses you.
The wight hits you but does no damage.
The orc warrior hits you with a +0 dire flail!!
Something hits you.
You feel much better. The wight hits you with a +0 hand axe.
You partially resist.
You feel drained. The wight closely misses you.
The orc warrior barely misses you. Something hits you.
You miss something. The wight hits you with a +0 hand axe.
The wight barely misses you.
The orc warrior hits you with a +0 dire flail!
The wight closely misses you.
You miss something. Your claw misses something.
Something completely misses you. The wight barely misses you.
The wight hits you with a +4 long sword!
* * * LOW HITPOINT WARNING * * *
The orc warrior hits you with a +0 dire flail!
* * * LOW HITPOINT WARNING * * *
You mangle something!!
Reactivating autopickup.
You feel a bit more experienced. The wight closely misses you.
The wight hits you with a +0 hand axe!
You die...

## ..# .# #.# #
#...#####.## ..
#.....#..####...
#<#.........
#..#........
##z..........
##@zo..####..
##zoz....##
##.........##
#........(..##
#.............##
#...............##
#..........$......#
....>...........≈...
..............≈≈≈..#


You could see an orc warrior, 4 wights and an orc priest.

Vanquished Creatures
  Grinder (D:5)
  Sigmund (D:3)
  Duvessa (D:6)
  2 water moccasins
  2 orc warriors
  A sky beast (D:7)
  3 centaurs
  3 ogres
  A phantom (D:7)
  Dowan (D:6)
  2 wights (D:7)
  A howler monkey (D:4)
  A jelly (D:5)
  2 hounds
  5 orc priests
  Crazy Yiuf (D:7)
  A centaur skeleton (D:6)
  5 orc wizards
  A killer bee zombie (D:6)
  A howler monkey zombie (D:6)
  A howler monkey skeleton (D:6)
  4 gnolls (D:2)
  2 adders
  A white imp (D:7)
  3 ufetubi
  A worm (D:2)
  A dart slug (D:3)
  20 orcs
  4 ball pythons
  5 endoplasms
  2 giant cockroaches
  8 goblins
  4 hobgoblins (D:2)
  5 jackals
  4 quokkas
  4 bats
  4 frilled lizards
  5 kobolds
  4 rats
  A butterfly (D:4)
  2 toadstools (D:1)
121 creatures vanquished.

Notes
Turn   | Place    | Note
-------+----------+-------------------------------------------
     0 | D:1      | Ajdolov the Troll Monk began the quest for the Orb.
     0 | D:1      | Reached XP level 1. HP: 22/22 MP: 0/0
    87 | D:1      | Reached XP level 2. HP: 29/29 MP: 1/1
   169 | D:1      | You fall into a shaft and drop 1 floor!
   200 | D:2      | Reached skill level 4 in Unarmed Combat
   266 | D:2      | Reached XP level 3. HP: 36/36 MP: 2/2
   365 | D:2      | Reached skill level 5 in Unarmed Combat
   365 | D:2      | Reached XP level 4. HP: 40/44 MP: 3/3
   805 | D:3      | Found a faded altar of an unknown god.
   857 | D:3      | Noticed Sigmund
   868 | D:3      | Killed Sigmund
   869 | D:3      | Reached skill level 6 in Unarmed Combat
   869 | D:3      | Reached XP level 5. HP: 50/50 MP: 4/4
   869 | D:3      | Reached XP level 6. HP: 59/59 MP: 5/5
  1467 | D:3      | Found a runed translucent gate.
  1467 | D:3      | Found a runed translucent gate.
  1467 | D:3      | Found a runed translucent gate.
  1469 | D:3      | Found an opulent altar of Gozag.
  1471 | D:3      | Noticed Ajdolov's ghost (amateur OpEE)
  1697 | D:4      | Reached skill level 7 in Unarmed Combat
  1697 | D:4      | Reached XP level 7. HP: 66/66 MP: 6/6
  1881 | D:4      | Found a staircase to the Ecumenical Temple.
  1900 | Temple   | Entered the Ecumenical Temple
  2421 | D:5      | Entered Level 5 of the Dungeon
  2861 | D:5      | Found a sparkling altar of Nemelex Xobeh.
  2862 | D:5      | Found a snail-covered altar of Cheibriados.
  2887 | D:5      | Noticed Grinder
  2892 | D:5      | Paralysed by Grinder for 3 turns
  2903 | D:5      | Killed Grinder
  2904 | D:5      | Reached skill level 8 in Unarmed Combat
  3371 | D:6      | Reached XP level 8. HP: 74/74 MP: 7/7
  3394 | D:6      | Reached skill level 9 in Unarmed Combat
  3795 | D:6      | Noticed Duvessa
  3801 | D:6      | Noticed Dowan
  3809 | D:6      | Killed Duvessa
  3816 | D:6      | Killed Dowan
  3886 | D:6      | Found a shadowy altar of Dithmenos.
  4007 | D:6      | Reached skill level 5 in Throwing
  4249 | D:7      | Reached skill level 10 in Unarmed Combat
  4389 | D:7      | Found a runed translucent door.
  4390 | D:7      | Noticed Crazy Yiuf
  4397 | D:7      | Killed Crazy Yiuf
  4560 | D:7      | Found a hazy altar of Hepliaklqana.
  4786 | D:7      | Reached XP level 9. HP: 80/80 MP: 8/8
  4899 | D:7      | Found a bloodstained altar of Trog.
  5081 | D:8      | Slain by a wight

Illustrated notes

Levels and vault maps discovered:
D:1:      ldierk_water_garden, layout_rooms
D:2:      layout_basic, hex_tiny
D:3:      layout_loops_corners, ebering_ecumenical_altar_mist,
          ebering_ghost_gozag, uniq_sigmund
D:4:      layout_basic, minmay_temple_entry_butterflies
D:5:      layout_loops_ring, nicolae_overflow_squiral, uniq_grinder
D:6:      layout_basic, grunt_dithmenos_smoke, uniq_duvessa
D:7:      layout_loops_ring, nicolae_overflow_hidden_temple, old_standard_altar,
          hangedman_decor_riveting, kennysheep_small_square,
          uniq_crazy_yiuf_cottage
D:8:      minmay_opposing_rooms, layout_basic, nicolae_ru_sacrificial_ziggurat,
          minmay_misc_feat_hallway, chequers_serial_rivers_small_a,
          minmay_misc_feat_rugged
Temple:   nicolae_temple_hex_pool

Skill      XL: |  1  2  3  4  5  6  7  8 |
---------------+-------------------------+-----
Unarmed Combat | 4 5 6 7 8 10 | 10.7
Throwing       | 2 4 5 |  5.9
Fighting       | |  2.4
Dodging        | |  2.4
Stealth        | |  1.0

Action                   |  1- 3 |  4- 6 |  7- 9 || total
-------------------------+-------+-------+-------++-------
Melee: Unarmed           |    73 |    81 |   187 ||   341
       Punch             |     1 |     2 |     8 ||    11
Throw: Dart              |       |       |     2 ||     2
  Use: Potion            |       |       |     2 ||     2
 Stab: Sleeping          |     1 |     5 |     5 ||    11
Armor: Robe              |    21 |    13 |    46 ||    80
Dodge: Dodged            |    39 |    35 |    72 ||   146

Table legend: (Time is in decaauts)
 A = Elapsed time spent in this place.
 B = Non-inter-level travel time spent in this place.
 C = Inter-level travel time spent in this place.
 D = Time resting spent in this place.
 E = Time spent auto-exploring this place.
 F = Levels seen in this place.
 G = Mean time per level.
                   A        B        C        D        E       F      G
               +--------+--------+--------+--------+--------+-----+--------+
         Total |   5034 |   4898 |    136 |    151 |   3853 |   9 |  559.3 |
       Dungeon |   4942 |   4825 |    117 |    151 |   3792 |   8 |  617.8 |
        Temple |     91 |     72 |     19 |      0 |     61 |   1 |   91.0 |
               +--------+--------+--------+--------+--------+-----+--------+

Top non-repeatable levels by time:
     D:6: 937 daAuts
     D:3: 874 daAuts
     D:7: 798 daAuts
     D:5: 796 daAuts
     D:4: 763 daAuts
     D:2: 506 daAuts
     D:1: 166 daAuts
     D:8: 99 daAuts
  Temple: 91 daAuts
